 Dungeon Crawl Stone Soup version 0.23.0-3-gf3c87f2 (webtiles) character file.

Game seed: 17941441833474265758

3502 poirepourri the Severer (level 9, 0/70 HPs)
             Began as a Minotaur Fighter on Feb 23, 2019.
             Was a Believer of Okawaru.
             Slain by a vampire mosquito (10 damage)
             ... on level 9 of the Dungeon.
             The game lasted 00:06:47 (7317 turns).

poirepourri the Severer (Minotaur Fighter)          Turns: 7317, Time: 00:06:48

Health: 0/70       AC: 11    Str: 21    XL:     9   Next: 80%
Magic:  8/8        EV:  7    Int:  5    God:    Okawaru [**....]
Gold:   130        SH: 10    Dex: 13    Spells: 8/8 levels left

rFire    + . .     SeeInvis .   a - +1 war axe
rCold    . . .     Gourm    .   c - +1 shield
rNeg     + . .     Faith    .   x - +0 scale mail
rPois    .         Spirit   .   (helmet restricted)
rElec    .         Reflect  .   (no cloak)
rCorr    .         Harm     .   q - +2 pair of gloves
MR       .....                  A - +0 pair of boots
Stlth    ..........             C - amulet of regeneration
HPRegen  0.61/turn              i - ring of protection from fire
MPRegen  0.11/turn              l - ring of positive energy

@: invisible
A: retaliatory headbutt, horns 2
a: Heroism, Renounce Religion


You were on level 9 of the Dungeon.
You worshipped Okawaru.
Okawaru was pleased with you.
You were not hungry.

You visited 2 branches of the dungeon, and saw 10 of its levels.
You also visited: Ossuary.

You collected 409 gold pieces.
You spent 279 gold pieces at shops.

Inventory:

Hand Weapons
 a - a +1 war axe (weapon)
 b - a +1 antimagic flail
 B - a +0 hand crossbow
Missiles
 g - 63 bolts
 t - 2 javelins (quivered)
Armour
 c - a +1 shield (worn)
 q - a +2 pair of gloves (worn)
 x - a +0 scale mail (worn)
 A - a +0 pair of boots (worn)
Jewellery
 i - a ring of protection from fire (left hand)
 l - a ring of positive energy (right hand)
 u - an uncursed ring of protection from cold
 C - an amulet of regeneration (around neck)
Wands
 n - a wand of iceblast (21)
 r - a wand of random effects (39)
 v - a wand of polymorph (8)
Scrolls
 d - 4 scrolls of identify
 j - 6 scrolls of remove curse
 m - 6 scrolls of teleportation
 s - a scroll of fog
Potions
 e - a potion of resistance
 h - 2 potions of haste
 k - a potion of invisibility
 o - 2 potions of mutation
 p - a potion of curing
 w - a potion of ambrosia
 z - a potion of brilliance
Comestibles
 f - 5 rations


   Skills:
 - Level 3.6 Fighting
 + Level 15.8 Axes
 - Level 3.6 Armour
 - Level 3.6 Shields


You had 8 spell levels left.
You didn't know any spells.
Your spell library contained the following spells:

 Spells                   Type           Power        Failure   Level  Hunger
 Magic Dart               Conj           #...         99%         1    ##.....
 Blink                    Tloc           N/A          100%        2    ###....
 Call Imp                 Summ           #.......     100%        2    ###....
 Slow                     Hex            #.......     100%        2    ###....
 Conjure Flame            Conj/Fire      #.......     100%        3    ####...
 Mephitic Cloud           Conj/Pois/Air  #.......     100%        3    ####...


Dungeon Overview and Level Annotations

Branches:
Dungeon (9/15)             Temple (1/1) D:5
   Lair: D:8-11         Orc: D:9-12

Altars:
Ashenzari
Cheibriados
Dithmenos
Elyvilon
Fedhas
Gozag
Hepliaklqana
Kikubaaqudgha
Makhleb
Nemelex Xobeh
Okawaru
Qazlal
Ru
Sif Muna
Trog
Uskayaw
Vehumet
Wu Jian
Xom
Yredelemnul
The Shining One
Lugonu

Shops:
D:5 **[   D:7 *   D:8 :((*[


Innate Abilities, Weirdness & Mutations

You reflexively headbutt those who attack you in melee.
You have a pair of horns on your head.


Message History

You are too injured to fight recklessly!
You are too injured to fight recklessly!
You are too injured to fight recklessly!
You are too injured to fight recklessly!
You are too injured to fight recklessly!
You feel better. The vampire mosquito barely misses you.
You furiously retaliate!
You headbutt the vampire mosquito.
The vampire mosquito bites you but does no damage.
The vampire mosquito bites you. The vampire mosquito bites you!
* * * LOW HITPOINT WARNING * * *
The vampire mosquito draws strength from your injuries!
You fade into invisibility!
The vampire mosquito bites you!
* * * LOW HITPOINT WARNING * * *
The vampire mosquito draws strength from your injuries!
The vampire mosquito barely misses you.
An iguana comes into view.
The vampire mosquito barely misses you. You furiously retaliate!
You headbutt the vampire mosquito. The vampire mosquito bites you!
You die...

.# ..##. .#. #.#..
... #.#.# .l #...#
##.# #..##
#..#.@y..#
########.###....####
#.............###
##...##..........
###..#...........
##.†.............
###.)#######....
#..######..##..#
#.........####..


You could see 2 vampire mosquitoes, an iguana (wandering) and a leopard gecko.

Vanquished Creatures
  Pikel (D:6)
  Sigmund (D:4)
  A vampire mosquito (D:9)
  Edmund (D:6)
  A water moccasin (D:9)
  A slave (D:6)
  3 ice beasts
  An ogre (D:7)
  2 centaurs
  3 bullfrogs
  2 elf zombies (Ossuary)
  A wyvern zombie (D:8)
  3 scorpions
  3 howler monkeys
  4 wights (D:8)
  2 crimson imps (D:7)
  A human zombie (Ossuary)
  A quasit (D:8)
  2 orc priests
  3 hounds
  2 jellies
  2 orc wizards
  A centaur skeleton (D:8)
  4 iguanas
  9 worker ants
  A big kobold zombie (Ossuary)
  A hound zombie (D:7)
  2 hound skeletons
  5 mummies
  9 gnolls
  11 adders
  3 shadow imps
  2 adder zombies (Ossuary)
  4 worms
  3 dart slugs
  3 leopard geckos
  6 orcs
  16 bats
  3 giant cockroaches
  3 gnoll zombies (Ossuary)
  9 goblins
  13 hobgoblins
  4 jackals
  A quokka (D:7)
  2 ball python skeletons
  2 frilled lizards (D:1)
  A goblin zombie (Ossuary)
  A hobgoblin zombie (Ossuary)
  10 kobolds
  8 rats
  A rat zombie (Ossuary)
179 creatures vanquished.

Notes
Turn   | Place    | Note
-------+----------+-------------------------------------------
     0 | D:1      | poirepourri the Minotaur Fighter began the quest for the
                  | Orb.
     0 | D:1      | Reached XP level 1. HP: 19/19 MP: 0/0
    59 | D:1      | Reached skill level 3 in Axes
   141 | D:1      | Reached XP level 2. HP: 22/26 MP: 1/1
   212 | D:1      | Reached skill level 4 in Axes
   418 | D:1      | Reached XP level 3. HP: 30/31 MP: 2/2
  1004 | D:2      | Reached skill level 5 in Axes
  1044 | D:2      | Found a sacrificial altar of Ru.
  1060 | D:2      | Reached XP level 4. HP: 26/39 MP: 3/3
  1439 | D:2      | Found a burning altar of Makhleb.
  1649 | D:2      | Reached skill level 6 in Axes
  1828 | D:3      | Reached XP level 5. HP: 45/45 MP: 4/4
  1872 | D:3      | Found a white marble altar of Elyvilon.
  2848 | D:4      | Reached skill level 7 in Axes
  2884 | D:4      | Noticed Sigmund
  2899 | D:4      | Killed Sigmund
  2899 | D:4      | Reached skill level 8 in Axes
  2899 | D:4      | Reached XP level 6. HP: 27/51 MP: 5/5
  3082 | D:4      | Found a sand-covered staircase.
  3092 | Ossuary  | Entered an ossuary
  3113 | Ossuary  | Reached skill level 9 in Axes
  3115 | Ossuary  | Reached XP level 7. HP: 28/57 MP: 6/6
  3663 | D:4      | Reached skill level 10 in Axes
  3689 | D:4      | Found a glowing golden altar of the Shining One.
  3693 | D:4      | Found a sparkling altar of Nemelex Xobeh.
  3698 | D:4      | Found an ornate altar of the Wu Jian Council.
  3925 | D:4      | Found a bloodstained altar of Trog.
  3926 | D:4      | Found a deep blue altar of Sif Muna.
  3926 | D:4      | Found a stormy altar of Qazlal.
  3929 | D:4      | Found a radiant altar of Vehumet.
  3930 | D:4      | Found a blossoming altar of Fedhas.
  4186 | D:5      | Entered Level 5 of the Dungeon
  4190 | D:5      | Found Seratt's Antique Armour Boutique.
  4194 | D:5      | Bought a pair of runed gloves for 195 gold pieces
  4224 | D:5      | Found a hide-covered altar of Uskayaw.
  4296 | D:5      | Found a snail-covered altar of Cheibriados.
  4371 | D:5      | Found a staircase to the Ecumenical Temple.
  4404 | D:5      | Found Wynubehube's Assorted Antiques.
  4438 | Temple   | Entered the Ecumenical Temple
  4527 | D:5      | Found Elall's General Store.
  4868 | D:5      | Found an iron altar of Okawaru.
  4893 | D:5      | Became a worshipper of Warmaster Okawaru
  4999 | D:6      | Noticed Edmund
  5011 | D:6      | Killed Edmund
  5011 | D:6      | Reached skill level 11 in Axes
  5011 | D:6      | Reached XP level 8. HP: 59/64 MP: 2/7
  5153 | D:6      | Noticed Pikel
  5166 | D:6      | Killed Pikel
  5166 | D:6      | Reached skill level 12 in Axes
  5244 | D:6      | Found a shattered altar of Ashenzari.
  5245 | D:6      | Found a white marble altar of Elyvilon.
  5280 | D:6      | You fall through a shaft for 2 floors!
  5291 | D:8      | Reached skill level 13 in Axes
  5366 | D:8      | Reached * piety under Okawaru
  5565 | D:8      | Reached XP level 9. HP: 65/70 MP: 8/8
  5632 | D:7      | Reached skill level 14 in Axes
  5963 | D:7      | Found Xiorru's General Store.
  6286 | D:8      | Found Feesined's General Store.
  6300 | D:8      | Bought a scroll of teleportation for 42 gold pieces
  6300 | D:8      | Bought a scroll of teleportation for 42 gold pieces
  6302 | D:8      | Found Wuygolul's Antique Armour Emporium.
  6361 | D:8      | Found Varchuda's Weapon Boutique.
  6412 | D:8      | Reached ** piety under Okawaru
  6415 | D:8      | Reached skill level 15 in Axes
  6625 | D:8      | Found a hide-covered altar of Uskayaw.
  6723 | D:8      | Found Yhymonk's Antique Weapon Shop.
  6743 | D:8      | Found Suilevacwi's Book Boutique.
  7317 | D:9      | Slain by a vampire mosquito

Skill      XL: |  1  2  3  4  5  6  7  8  9 |
---------------+----------------------------+-----
Axes           | 3 4 5 6 8 9 11 13 15 | 15.8
Fighting       | |  3.6
Armour         | |  3.6
Shields        | |  3.6

Action                   |  1- 3 |  4- 6 |  7- 9 || total
-------------------------+-------+-------+-------++-------
Melee: War axe           |   103 |   109 |   262 ||   474
       Headbutt          |    17 |    17 |    60 ||    94
Throw: Tomahawk          |     3 |       |       ||     3
       Throwing net      |     2 |       |       ||     2
  Use: Scroll            |     3 |     8 |    10 ||    21
       Potion            |       |     4 |     4 ||     8
  Eat: Chunk             |       |     2 |       ||     2
       Ration            |       |     2 |     4 ||     6
Armor: Scale mail        |    44 |    51 |    84 ||   179
Dodge: Dodged            |    41 |    34 |    65 ||   140
Block: Shield            |    58 |    72 |   128 ||   258
